Map: Taito Citadel LE

Players

DeathCat - Winner!

  • Race: Zerg Zerg
  • League: Master
  • Spawn Location: 11:00

HoldTheDoor

  • Race: Protoss Protoss
  • League: Diamond
  • Spawn Location: 5:00

VOD

Have the link to the VOD?

Description

Time

  • Played on: May 12, 2026, 11:43 a.m.
  • Length: 4:00
Show
View Real Time Build Order
Export as new Build Order

DeathCat Zerg - Winner!

Build Orders: Hatch First 

Get SALT Encoding   

  12  0:08  Overlord  
  12  0:12  Drone  
  13  0:16  Drone  
  14  0:28  Drone  
  15  0:30  Drone  
  16  0:50  Hatchery  
  16  0:52  Drone  
  16  1:10  Spawning Pool  
  15  1:18  Drone x2, Extractor  
  16  1:28  Drone  
  16  1:30  Drone  
  18  1:40  Drone  
  19  1:50  Overlord  
  19  1:56  Queen  
  21  2:02  Zergling x4  
  21  2:07  Queen  
  25  2:12  Zergling x2  
  25  2:14  Drone  
  27  2:23  Metabolic Boost  
  27  2:27  Drone  
  27  2:28  Zergling x2  
  29  2:37  Drone  
  29  2:40  Zergling x2  
  31  2:46  Queen  
  31  2:51  Zergling x2  
  34  3:05  Zergling x4, Overlord x2  
  36  3:10  Extractor  
  35  3:19  Drone  
  36  3:39  Hatchery, Zergling x6  
Show
View Real Time Build Order
Export as new Build Order

HoldTheDoor Protoss 

Build Orders: 1 Gate Expand, Dark Templar Rush 

Get SALT Encoding   

  12  0:00  Probe  
  13  0:12  Probe  
  14  0:19  Pylon  
  14  0:24  Probe  
  15  0:33  Probe  
  15  0:40  Gateway  
  15  0:41  Probe  
  17  0:50  Assimilator  
  17  0:53  Probe  
  18  1:05  Probe  
  19  1:24  Nexus  
  19  1:32  Cybernetics Core  
  19  1:35  Probe  
  20  1:42  Assimilator  
  20  1:47  Probe  
  20  1:50  Pylon  
  21  1:58  Stalker  
  21  1:59  Probe  
  22  2:11  Warp Gate  
  22  2:13  Probe  
  25  2:25  Probe  
  25  2:27  Adept  
  25  2:28  Gateway  
  28  2:37  Probe x2  
  30  2:44  Twilight Council  
  30  2:49  Probe  
  31  2:53  Probe  
  32  3:01  Probe  
  33  3:07  Probe  
  34  3:15  Robotics Facility  
  34  3:19  Pylon, Probe x2  
  36  3:22  Assimilator  
  36  3:27  Dark Shrine  
  36  3:31  Pylon  
  36  3:32  Probe  
  36  3:33  Probe  
  38  3:44  Probe  
  38  3:47  Gateway  
  39  3:48  Gateway  
Tags
 
Add a new tag
Caveats
  • Supply blocks, unpowered buildings, or Contaminate may cause inaccurate times.
  • Supply counts are checked every 10 seconds.